 Dungeon Crawl Stone Soup version 0.30.0-29-ga12c61a403 (webtiles) character file.

Game seed: 4401369361145406615

41 BONEBRO the Charlatan (level 3, -2/26 HPs)
             Began as a Human Artificer on June 22, 2023.
             Slain by a worm (5 damage)
             ... on level 2 of the Dungeon.
             The game lasted 00:03:34 (1389 turns).

BONEBRO the Charlatan (Human Artificer)             Turns: 1389, Time: 00:03:35

Health: -2/26      AC:  8    Str: 14    XL:     3   Next: 75%
Magic:  0/3        EV:  7    Int: 11    God:
Gold:   124        SH:  0    Dex: 13    Spells: 2/2 levels left

rFire   . . .        a - +0 club
rCold   . . .        (no shield)
rNeg    . . .        q - +0 chain mail
rPois   .            (no helmet)
rElec   .            (no cloak)
rCorr   .            (no gloves)
SInv    .            (no boots)
Will    .....        (no amulet) Stlth
                     (no ring)
HPRegen 0.24/turn    (no ring)
MPRegen 0.08/turn

%: no passive effects
@: no status effects
A: evolution 1, MP-powered wands
a: no special abilities


You were on level 2 of the Dungeon.
You visited 1 branch of the dungeon, and saw 2 of its levels.

You collected 124 gold pieces.

Inventory:

Hand Weapons
 a - a +0 club (weapon)
Armour
 b - a +0 leather armour
 q - a +0 chain mail (worn)
Magical Staves
 o - a staff of poison
Wands
 c - a wand of flame (2) (quivered)
 d - a wand of charming (15)
 e - a wand of iceblast (5)
Scrolls
 f - a scroll of blinking {unknown}
 g - a scroll of silence {unknown}
 j - 3 scrolls of identify {unknown}
 k - 2 scrolls of enchant weapon {unknown}
 l - a scroll of magic mapping {unknown}
 n - a scroll of fog {unknown}
Potions
 i - a potion of resistance {unknown}
 m - a potion of lignification {unknown}
 p - a potion of heal wounds {unknown}
 r - a potion of flight {unknown}


   Skills:
 - Level 1.0 Fighting
 - Level 2.0 Armour
 - Level 1.0 Dodging
 - Level 1.0 Stealth
 + Level 4.4 Evocations


You had 2 spell levels left.
You didn't know any spells.
Your spell library contained the following spells:

 Spells                   Type           Power      Damage    Failure   Level
 Summon Small Mammal      Summ           0%         N/A       99%         1
 Call Canine Familiar     Summ           0%         N/A       100%        3
 Summon Guardian Golem    Hex/Summ       0%         N/A       100%        3


Dungeon Overview and Level Annotations

Branches:
Dungeon (2/15)

Altars:


Innate Abilities, Weirdness & Mutations

You have hidden genetic potential.
You expend magic power (3 MP) to strengthen your wands.


Message History

You are too injured to fight recklessly!
You are too injured to fight recklessly!
You are too injured to fight recklessly!
You hit the worm.
The worm is severely wounded.
The worm bites you.
You hit the worm but do no damage.
The worm is severely wounded.
The worm closely misses you.
You barely miss the worm.
The worm is heavily wounded.
The worm bites you but does no damage.
You barely miss the worm.
The worm is heavily wounded.
You hit the worm.
The worm is severely wounded.
The worm barely misses you.
You barely miss the worm.
The worm is severely wounded.
The worm bites you.
You hit the worm.
The worm is severely wounded.
The worm bites you but does no damage.
You barely miss the worm.
The worm is heavily wounded.
The worm bites you.
* * * LOW HITPOINT WARNING * * *
You barely miss the worm.
The worm is heavily wounded.
Hit: a) +0 club
Press: ? - help, Dir - move target, f/p - worm
Aim: a worm (heavily wounded, about 23% to evade your +0 club)
Okay, then.
Aiming: Throw Flame
Press: ? - help, Shift-Dir - straight line, f/p - worm
Aim: a worm (heavily wounded, 91% to hit)
The puff of flame hits the worm!
The worm is almost dead.
The worm bites you.
You die...

#....##.......#.†.#####......#.##
#....##...)...#.#..# #......#.#
'....##########.##.# #......#.#
#....# ######.##.####......#.#
#....# .....#.##..#...#'####.##
###'## #.........#...#.#.# #...#
#.# #.....#...###...#.# #...# #.#
#####.#...# #...#.# #.... ##'###
# #.@.# #.#.#.# #.... #....#
#.w.# #.#...###.... ##....# #[..#
#.#.#......#. .+....# #..?#
#.........##. .#....####### #####
#..#.#..#.### ............#
#............ .##########.#
#..#.#..#.... <...........#
#........#### .############
#....+.......


You could see a worm.

Vanquished Creatures
  2 adders (D:2)
  A worm (D:2)
  3 endoplasms (D:2)
  A giant cockroach (D:2)
  A goblin (D:2)
  A hobgoblin (D:1)
  2 quokkas (D:2)
  3 ball pythons
  A bat (D:1)
  A frilled lizard (D:2)
  2 kobolds
  4 rats
22 creatures vanquished.

Notes
Turn   | Place    | Note
-------+----------+-------------------------------------------
     0 | D:1      | BONEBRO the Human Artificer began the quest for the Orb.
     0 | D:1      | Reached XP level 1. HP: 15/15 MP: 1/1
   824 | D:2      | Reached XP level 2. HP: 11/21 MP: 2/2
  1192 | D:2      | Reached skill level 4 in Evocations
  1192 | D:2      | Reached XP level 3. HP: 5/26 MP: 3/3
  1192 | D:2      | Gained mutation: You expend magic power (3 MP) to
                  | strengthen your wands. [potion of mutation]
  1192 | D:2      | Gained mutation: You have hidden genetic potential. [potion
                  | of mutation]
  1389 | D:2      | Slain by a worm

Illustrated notes

Levels and vault maps discovered:
D:1:      scummos_arrival_simple_fountains, layout_loops_ring
D:2:      layout_basic, glass_columns_a

Skill      XL: |  1  2 |
---------------+-------+-----
Evocations     | 4 |  4.4
Fighting       | |  1.0
Armour         | |  2.0
Dodging        | |  1.0
Stealth        | |  1.0

Action                     || total
---------------------------++-------
  Melee: Club              ||   113
         Punch             ||     1
  Evoke: Wand              ||    13
    Use: Potion            ||     2
   Stab: Sleeping          ||     1
 Armour: Leather armour    ||    13
         Chain mail        ||    57
  Dodge: Dodged            ||    54
